 Dungeon Crawl Stone Soup version 0.23-a0-473-gc8aadda (webtiles) character file.

398281 Mgcat the Earth Mage (level 22, -6/140 HPs)
             Began as a Deep Elf Earth Elementalist on Nov 27, 2018.
             Was the Champion of Vehumet.
             Mangled by a stone giant (19 damage)
             ... on level 4 of the Depths.
             The game lasted 03:34:05 (72629 turns).

Mgcat the Earth Mage (Deep Elf Earth Elementalist) Turns: 72629, Time: 03:34:06

Health: -6/140     AC: 11    Str:  6    XL:     22   Next: 23%
Magic:  46/46      EV: 24    Int: 30    God:    Vehumet [******]
Gold:   3243       SH: 14    Dex: 15    Spells: 25/58 levels left

rFire    + + .     SeeInvis +   a - staff of conjuration {!a}
rCold    . . .     Gourm    .   C - +3 buckler
rNeg     + . .     Faith    .   X - +2 robe {Archmagi}
rPois    +         Spirit   .   K - +2 hat
rElec    .         Reflect  +   k - scarf {rC+ rF+}
rCorr    .         Harm     .   J - +1 pair of gloves
MR       +++..                  E - +2 pair of boots
Stlth    ++........             q - +6 amulet of reflection
HPRegen  0.33/turn              S - ring "Umitroid" {rPois rF+ rC- rN+ MR+}
MPRegen  0.30/turn              U - ring of see invisible {sInv, !d}

@: no status effects
A: no striking features
}: 2/15 runes: decaying, gossamer
a: Renounce Religion


You were on level 4 of the Depths.
You worshipped Vehumet.
Vehumet was exalted by your worship.
You were not hungry.

You visited 8 branches of the dungeon, and saw 41 of its levels.
You also visited: Labyrinth, Sewer and Volcano.

You collected 4426 gold pieces.
You spent 1183 gold pieces at shops.

Inventory:

Hand Weapons
 D - the +10 whip "Axzem" {slash, rF+ Dex+2}
   (You took it off a gnoll on level 6 of the Dungeon)

   It inflicts extra damage upon your enemies.
   It affects your dexterity (+2).
   It protects you from fire.
Missiles
 O - 648 stones (quivered)
Armour
 k - a scarf of resistance (worn)
   (You found it on level 6 of the Dungeon)
 C - a +3 buckler (worn)
   (You found it on level 9 of the Dungeon)
 E - a +2 pair of boots (worn)
   (You found it on level 6 of the Dungeon)
 J - a +1 pair of gloves (worn)
   (You found it on level 2 of the Swamp)
 K - a +2 hat (worn)
   (You found it on level 3 of the Lair of Beasts)
 X - a +2 robe of the Archmagi (worn)
   (You took it off an orc sorcerer on level 15 of the Dungeon)
Magical Staves
 a - an uncursed staff of conjuration (weapon) {!a}
   (You found it on level 4 of the Depths)
 b - an uncursed staff of energy {+MP, hungerless spells, !d!a@w1}
   (You found it on level 4 of the Depths)
 v - an uncursed staff of wizardry {wiz+, !a}
   (You found it on level 6 of the Lair of Beasts)
Jewellery
 p - an uncursed ring of wizardry {Wiz+, !d}
   (You found it on level 7 of the Dungeon)
 q - a +6 amulet of reflection (around neck)
   (You bought it in a shop on level 2 of the Orcish Mines)
 F - an uncursed ring of protection from cold {rC+, !d}
   (You found it on level 8 of the Dungeon)
 S - the ring "Umitroid" (left hand) {rPois rF+ rC- rN+ MR+}
   (You found it on level 6 of the Lair of Beasts)

   [ring of protection from magic]

   It protects you from fire.
   It makes you vulnerable to cold.
   It protects you from poison.
   It protects you from negative energy.
   It affects your resistance to hostile enchantments.
 T - the cursed ring "Aruh" {rElec rC+ Dex-5 Slay+2}
   (You found it on level 4 of the Depths)

   [ring of dexterity]

   It affects your dexterity (-5).
   It affects your accuracy and damage with ranged weapons and melee attacks
   (+2).
   It protects you from cold.
   It insulates you from electricity.
   It has a curse placed upon it.
 U - a ring of see invisible (right hand) {sInv, !d}
   (You found it on level 12 of the Dungeon)
 Y - an uncursed ring of protection from magic {MR+, !d}
   (You found it on level 2 of the Spider Nest)
 Z - a +3 ring of protection
   (You found it on level 2 of the Spider Nest)
Wands
 s - a wand of digging (28)
   (You found it on level 3 of the Dungeon)
 y - a wand of enslavement (10)
   (You found it on level 4 of the Spider Nest)
 H - a wand of scattershot (12)
   (You found it on level 1 of the Lair of Beasts)
 Q - a wand of acid (21)
   (You found it on level 1 of the Spider Nest)
Scrolls
 f - 6 scrolls of immolation {!r}
 j - 20 scrolls of teleportation
 l - 19 scrolls of identify
 m - 6 scrolls of fog
 n - 12 scrolls of remove curse
 B - 7 scrolls of amnesia
 G - 2 scrolls of magic mapping {!r}
Potions
 e - a potion of heal wounds
 g - 4 potions of might
 h - 8 potions of mutation {!q}
 i - 7 potions of brilliance
 o - 7 potions of ambrosia
 r - 13 potions of curing
 t - 4 potions of lignification {!q}
 u - a potion of magic
 w - 2 potions of invisibility
 x - 4 potions of flight
 z - 2 potions of cancellation
 I - 6 potions of haste
 P - 3 potions of agility
 R - 4 potions of berserk rage {!q}
Miscellaneous
 c - a lamp of fire
   (You found it on level 1 of the Swamp)
 N - a fan of gales (inert)
   (You found it on level 3 of the Vaults)
 V - a sack of spiders
Comestibles
 d - 56 rations


   Skills:
 + Level 15.1 Fighting
 - Level 4.0 Armour
 - Level 17.0 Dodging
 - Level 2.4 Stealth
 - Level 4.1 Shields
 - Level 18.6 Spellcasting
 - Level 16.3 Conjurations
 - Level 10.0 Summonings
 - Level 8.0 Transmutations
 - Level 15.0 Fire Magic
 + Level 19.1 Earth Magic
 + Level 6.2 Evocations


You had 25 spell levels left.
You knew the following spells:

 Your Spells              Type           Power        Failure   Level  Hunger
a - Sandblast             Erth           ######       0%          1    None
b - Aura of Abjuration    Summ           #######...   1%          5    None
c - Petrify               Tmut/Erth      ########     1%          4    None
d - Lee's Rapid Deconstr  Erth           ########..   0%          5    None
e - Fireball              Conj/Fire      ########..   1%          5    None
f - Iron Shot             Conj/Erth      ########..   1%          6    None
g - Spellforged Servitor  Conj/Summ      ########..   1%          7    ####...

Your spell library contained the following spells:

 Spells                   Type           Power        Failure   Level  Hunger
 Shatter                  Erth           ########..   16%         9    #######
 Fire Storm               Conj/Fire      ########..   50%         9    #######
 Tornado                  Air            #####.....   100%        9    #######
 Flame Tongue             Conj/Fire      #####        0%          1    None
 Magic Dart               Conj           ####         0%          1    None
 Passwall                 Tmut/Erth      ########     0%          2    None
 Searing Ray              Conj           ######       0%          2    None
 Throw Flame              Conj/Fire      ######       0%          2    None
 Conjure Flame            Conj/Fire      ########     0%          3    None
 Stone Arrow              Conj/Erth      ######       0%          3    None
 Iskenderun's Mystic Bla  Conj           ########     0%          4    None
 Sticky Flame             Conj/Fire      ########     0%          4    None
 Animate Skeleton         Necr           N/A          1%          1    None
 Apportation              Tloc           #####.       1%          1    None
 Confusing Touch          Hex            #####.       1%          1    None
 Freeze                   Ice            ####         1%          1    None
 Summon Small Mammal      Summ           ####         1%          1    None
 Throw Frost              Conj/Ice       ######       1%          2    None
 Dazzling Spray           Conj/Hex       ######       1%          3    None
 Inner Flame              Hex/Fire       #######.     1%          3    None
 Recall                   Summ/Tloc      N/A          1%          3    None
 Force Lance              Conj/Tloc      ########     1%          4    None
 Fulminant Prism          Conj/Hex       ########..   1%          4    None
 Summon Ice Beast         Ice/Summ       ######..     1%          4    None
 Throw Icicle             Conj/Ice       ########     1%          4    None
 Bolt of Magma            Conj/Fire/Erth ########..   1%          5    None
 Borgnjor's Vile Clutch   Necr/Erth      #######...   1%          5    None
 Iskenderun's Battlesphe  Conj/Chrm      ########     1%          5    None
 Summon Demon             Summ           #######...   1%          5    None
 Venom Bolt               Conj/Pois      ########..   1%          5    None
 Orb of Destruction       Conj           ########..   1%          7    ####...
 Yara's Violent Unravell  Hex/Tmut       ######....   2%          5    None
 Shadow Creatures         Summ           N/A          3%          6    None
 Confuse                  Hex            #####...     4%          3    None
 Gell's Gravitas          Tloc           #####.....   4%          3    None
 Ozocubu's Armour         Chrm/Ice       #####...     4%          3    None
 Vampiric Draining        Necr           #####.....   4%          3    None
 Summon Forest            Summ/Tloc      ######....   5%          5    None
 Summon Mana Viper        Hex/Summ       ######..     5%          5    None
 Animate Dead             Necr           N/A          14%         4    None
 Metabolic Englaciation   Hex/Ice        #####.....   38%         5    None
 Ozocubu's Refrigeration  Ice            #####.....   47%         6    None
 Death Channel            Necr           #####.....   92%         6    None
 Simulacrum               Ice/Necr       #####.....   92%         6    None


Dungeon Overview and Level Annotations

Branches:
Dungeon (15/15)            Temple (1/1) D:7            Lair (6/6) D:10
  Swamp (4/4) Lair:3       Spider (4/4) Lair:3        Slime (0/5) Lair:5
    Orc (2/2) D:12            Elf (0/3) Orc:2        Vaults (4/5) D:13
  Crypt (0/3) Vaults:3     Depths (5/5) D:15
    Zot: Depths:5

Altars:
Ashenzari
Dithmenos
Elyvilon
Fedhas
Hepliaklqana
Okawaru
Qazlal
Trog
Vehumet
Yredelemnul
The Shining One
Beogh
Jiyva

Shops:
D:9 (   D:11 *   Orc:2 *=*   Vaults:1 (   Vaults:2 ??(   Vaults:3 [
Vaults:4 [   Depths:1 *   Depths:5 !

Portals:
Hell: Depths:1 Depths:2 Depths:3 Depths:4
Abyss: Depths:2 Depths:4
Pandemonium: Depths:3
Ziggurat: Depths:1

Annotations:
D:10 2 transporters, Amnesiac's ghost, journeyman DsEE
D:11 exclusion: downstairs
D:12 2 transporters
Lair:1 2 transporters, Tovarisch's ghost, journeyman DDEE
Vaults:3 3 runed doors, Skuilla's ghost, adept MiBe
Depths:1 2 runed doors, 4 exclusions


Message History

The deep troll claws you!
The yaktaur shoots a bolt.
You reflect the bolt off an invisible shield around you!
The bolt hits the yaktaur!!
The yaktaur dies!
The water elemental hits you!
You hear a shout!
You climb upwards.
There is a stone staircase leading down here.
Unknown command.
Unknown command.
Unknown command.
Casting: Iron Shot (safe; 1% risk of failure)
Confirm with . or Enter, or press ? or * to list all spells.
Aiming: Fireball (safe; 1% risk of failure)
Press: ? - help, Shift-Dir - straight line, f - you You feel a strong surge of power!
That beam is likely to hit you.
Continue anyway?
The fireball explodes!
The fireball engulfs you! You resist.
The fireball engulfs the deep troll.
The deep troll is almost dead.
The fireball engulfs the water elemental.
The water elemental is burned terribly!
You destroy the water elemental!
Vehumet accepts your kill.
You feel your power returning.
The fireball engulfs the deep troll.
The deep troll is severely wounded.
The deep troll bites you. You block the deep troll's attack.
The deep troll completely misses you. The deep troll closely misses you.
The deep troll claws you but does no damage. x2
Casting: Fireball (safe; 1% risk of failure)
Confirm with . or Enter, or press ? or * to list all spells.
Aiming: Fireball (safe; 1% risk of failure)
Press: ? - help, Shift-Dir - straight line, f - you You feel a strong surge of power!
That beam is likely to hit you.
Continue anyway?
The fireball explodes!
The fireball engulfs you! You resist.
The fireball engulfs the deep troll.
You kill the deep troll!
Vehumet accepts your kill.
You feel your power returning.
The fireball engulfs the deep troll.
You kill the deep troll!
Vehumet accepts your kill.
You feel your power returning.
The troll leather armour is intact enough to wear.
You start resting.
Magic restored.
HP restored.
Unknown command.
You start resting.
HP restored.
You climb downwards.
A water elemental comes into view.
A spark wasp comes into view.
You block the spriggan rider's attack.
The cyan very ugly thing completely misses you.
The cyan ugly thing completely misses you.
A spriggan berserker comes into view. It is wielding a +0 hand axe.
The stone giant hits you!! The spriggan rider closely misses you.
You block the cyan very ugly thing's attack.
The spark wasp buzzes angrily.
The spriggan rider shouts!
There is a stone staircase leading up, spattered with blood here.
You see here a large rock {!d}.
Unknown command.
Unknown command.
Unknown command.
You hear an angry buzzing noise.
The spriggan berserker invokes Trog's protection!
The cyan ugly thing engulfs you! The cyan ugly thing shocks you!
The water elemental closely misses you.
The spark wasp bursts into living lightning!
The living lightning hits the water elemental.
The water elemental resists.
The living lightning hits you!
The spark wasp blinks!
The stone giant closely misses you. The cyan very ugly thing gores you.
The cyan very ugly thing shocks you!!
The spriggan rider hits you with a cursed -2 spear!
* * * LOW HITPOINT WARNING * * *
You climb upwards.
There is a stone staircase leading down here.
Unknown command.
Unknown command.
Unknown command.
Okay, then.
Unknown command.
Okay, then.
Okay, then.
Unknown command.
You feel much better. You block the cyan ugly thing's attack.
You block the water elemental's attack. The stone giant hits you!
* * * LOW HITPOINT WARNING * * *
The cyan very ugly thing gores you!
* * * LOW HITPOINT WARNING * * *
The cyan very ugly thing shocks you!!
* * * LOW HITPOINT WARNING * * *
You block the spriggan rider's attack.
Unknown command.
Unknown command.
Unknown command.
Evoke which item? (* to show all) (? for menu, Esc to quit)
A fierce wind blows from the fan.
The monsters around you are blown away! You block the cyan ugly thing's attack.
The stone giant hits you!!
You die...

######.#.#.##.#.#
...........##.#.##
######.#...##....# ##### #
#.#.........# #...# ####
#.#....#.#..#### ##.### ##
≈≈.###.#.#......#...# ##...## #.
≈§§..#.#.#..#.#.u#..####.....# #.
§....#.#.#.....u.C...##....#.###.
.....#.#.#......@.....i..###..##.
.....#.#......###[....<.####...#.
.....#...........................
...###.#.......#...E.............
..## #...........................
.## #.........[.................
.# #........(#####.#########.##
## #.........#.##......# #..##. #
#.........#.#...#######∩.##.


You could see a cyan very ugly thing, a stone giant, a cyan ugly thing, a
spriggan rider and a water elemental.

Vanquished Creatures
  the Lernaean hydra (Swamp:4)
  Frederick (Depths:4)
  Rupert (D:15)
  4 liches
  2 tentacled monstrosities (Depths:4)
  2 titans
  Agnes (D:14)
  4 sphinxes
  3 storm dragons
  A tengu reaver (Depths:2)
  8 fire giants
  6 vault wardens
  4 frost giants
  3 emperor scorpions
  5 ghost moths
  A deep elf sorcerer (Vaults:4)
  3 entropy weavers
  23 very ugly things
  A spriggan defender (Depths:4)
  15 stone giants
  A war gargoyle (Vaults:1)
  14 ironheart preservers
  4 vampire knights
  A deep elf demonologist (Vaults:4)
  3 spark wasps
  A deep elf annihilator (Vaults:3)
  A minotaur (Lab)
  Snorg (Lair:5)
  6 ettins
  A crystal guardian (Vaults:1)
  5 jiangshi
  A merfolk impaler (Depths:3)
  12 yaktaur captains
  A blizzard demon (Depths:3)
  6 fire dragons
  A ragged hierophant (Vaults:2)
  4 great orbs of eyes
  5 vault guards
  2 ghost crabs
  5 rakshasas
  2 shambling mangroves
  11 ice dragons
  10 hydras
  5 spriggan air magi
  8 centaur warriors
  A death knight (D:14)
  4 catoblepae
  6 alligators
  7 deep troll earth magi
  7 death yaks
  6 deep troll shamans
  41 two-headed ogres
  11 ogre magi
  4 spriggan berserkers
  4 vampire magi
  A deep elf knight (Vaults:3)
  A salamander mystic (Depths:4)
  11 hell knights
  An unseen horror (shapeshifter) (Depths:3)
  An iron troll (Depths:3)
  A spriggan druid (Swamp:2)
  2 shadow wraiths
  7 unseen horrors
  4 flayed ghosts
  5 phantasmal warriors
  A glowing orange brain (shapeshifter) (Vaults:1)
  23 deep trolls
  3 glowing orange brains
  8 swamp dragons
  10 wizards
  13 ironbrand convokers
  14 orc knights
  5 deep elf archers
  A lindwurm (Volcano)
  10 orb spiders
  4 necromancers
  5 salamanders (Depths:4)
  6 cyclopes
  47 ugly things
  6 deep elf magi
  7 harpies
  4 orc sorcerers
  33 wolf spiders
  A salamander (shapeshifter) (Vaults:3)
  2 manticores (shapeshifter)
  2 moths of wrath
  2 manticores (Lair:6)
  7 black mambas
  12 vault sentinels
  2 elephants (Lair:4)
  A smoke demon (Depths:3)
  2 torpor snails
  10 spiny frogs
  A rime drake (Lair:5)
  5 freezing wraiths
  8 komodo dragons
  2 demonic crawlers (Spider:2)
  4 tengu conjurers
  36 yaktaurs
  A troll (shapeshifter) (Depths:3)
  A human skeleton (Vaults:3)
  2 red devils
  29 jumping spiders
  A yaktaur skeleton (Vaults:2)
  A queen bee (shapeshifter) (Vaults:1)
  A tengu simulacrum (Vaults:3)
  A polar bear (Lair:6)
  8 trolls
  2 meliai (shapeshifter)
  A polar bear (shapeshifter) (Vaults:1)
  5 tyrant leeches
  3 meliai (D:15)
  Grinder (D:5)
  A sphinx simulacrum (Vaults:3)
  20 hornets
  A raiju (shapeshifter) (Vaults:3)
  A stone giant simulacrum (Vaults:2)
  2 saltlings (Vaults:2)
  38 slime creatures
  A bog body (Swamp:1)
  4 dream sheep (Lair:6)
  8 hippogriffs
  3 spriggans
  4 shadows
  24 tarantellas
  2 vampires (D:14)
  67 redbacks
  46 yaks
  10 water elementals
  7 fire bats (Volcano)
  A wraith (D:14)
  A chaos spawn (Depths:3)
  A hog (shapeshifter) (Depths:3)
  2 hogs (Swamp:2)
  3 wyverns
  3 hungry ghosts
  26 vampire mosquitoes
  A golden eye (shapeshifter) (D:13)
  A basilisk (shapeshifter) (D:10)
  4 basilisks
  A steam dragon (D:11)
  19 swamp worms
  15 insubstantial wisps
  4 acid dragons
  2 soldier ants
  7 wargs
  2 hell hounds
  14 water moccasins
  4 ice beasts
  16 porcupines
  11 swamp drakes
  39 orc warriors
  3 sky beasts
  A black bear (shapeshifter) (D:13)
  A hornet zombie (D:15)
  4 phantoms
  28 centaurs
  A wolf (shapeshifter) (Vaults:2)
  46 ogres
  11 boggarts
  17 crocodiles
  A big kobold (shapeshifter) (Depths:3)
  A human zombie (Vaults:2)
  2 big kobolds
  11 bullfrogs
  A gnoll sergeant (D:4)
  A wyvern skeleton (D:13)
  6 scorpions
  16 killer bees
  20 wights
  9 electric eels
  A howler monkey (D:6)
  A troll skeleton (D:11)
  2 spriggan skeletons (D:11)
  8 crimson imps
  22 orc priests
  3 centaur zombies
  9 hounds
  4 gnoll shamans (D:4)
  3 jellies
  5 bullfrog skeletons
  6 centaur skeletons
  8 worker ants
  8 iguanas
  18 orc wizards
  A hound skeleton (D:11)
  A howler monkey zombie (D:5)
  A gnoll (shapeshifter) (Depths:3)
  29 adders
  30 gnolls
  A howler monkey skeleton (D:5)
  A river rat (D:3)
  2 shadow imps (D:5)
  An ooze (D:4)
  A dart slug (D:4)
  5 leopard geckos
  110 orcs
  7 ball pythons
  6 giant cockroaches
  5 goblins
  9 hobgoblins
  26 jackals
  16 kobolds
  4 quokkas
  6 bats
  9 frilled lizards
  2 jackal skeletons
  A jackal zombie (D:5)
  A quokka skeleton (D:4)
  13 rats
  A bush (Lair:3)
  9 plants
1671 creatures vanquished.

Vanquished Creatures (collateral kills)
  Saint Roka (Vaults:1)
  An ancient champion (Vaults:3)
  A thorn hunter (Swamp:4)
  A tengu reaver (Depths:5)
  Kirke (Swamp:2)
  A fire giant (Depths:1)
  An emperor scorpion (Spider:4)
  A vault warden (Vaults:3)
  4 ironheart preservers
  2 spriggan defenders
  3 stone giants (Depths:2)
  5 very ugly things
  An ettin (Depths:2)
  A spark wasp (Depths:2)
  2 fire dragons
  A great orb of eyes (Depths:4)
  4 ogre magi
  A yaktaur captain (Depths:2)
  An ice dragon (Depths:4)
  A rakshasa (Depths:2)
  3 hydras
  A spriggan air mage (Depths:2)
  A shambling mangrove (Swamp:3)
  2 centaur warriors
  A deep troll earth mage (Vaults:3)
  A tengu warrior (Depths:2)
  5 two-headed ogres
  A deep troll shaman (Vaults:3)
  A shadow wraith (Vaults:3)
  A salamander mystic (Depths:4)
  2 hell knights
  2 deep trolls
  A glowing orange brain (Vaults:2)
  A gelid demonspawn (Depths:3)
  A spriggan druid (Swamp:2)
  5 swamp dragons (Swamp:4)
  A harpy (Vaults:1)
  An orc knight (Vaults:2)
  A necromancer (Vaults:2)
  3 deep elf magi (Vaults:3)
  A wolf spider (Vaults:3)
  7 ugly things
  A tengu skeleton (Vaults:2)
  A smoke demon (Depths:4)
  5 yaktaurs
  A human skeleton (Vaults:3)
  A troll (shapeshifter) (Vaults:2)
  A red devil (Depths:4)
  A jumping spider (Spider:4)
  4 hornets
  2 slime creatures
  3 spriggans
  6 redbacks
  A wraith (Vaults:1)
  A basilisk (shapeshifter) (Depths:3)
  A swamp worm (Swamp:2)
  2 orc warriors
  A human zombie (Vaults:2)
  3 ogres
  An elf skeleton (Vaults:3)
  A centaur (Depths:1)
  An orc wizard (Vaults:2)
  2 orcs
  A briar patch (Swamp:4)
118 creatures vanquished.

Vanquished Creatures (others)
  2 fire giants (Depths:4)
  A vault warden (Vaults:1)
  A deep elf demonologist (Vaults:4)
  A yaktaur captain (Vaults:4)
  3 centaur warriors
  9 yaktaurs
  A human (Swamp:2)
  A centaur (D:13)
  A leopard gecko (D:4)
  A quokka (D:4)
  2 briar patches (Swamp:4)
  6 fungi
  37 plants
66 creatures vanquished.

Grand Total: 1855 creatures vanquished

Notes
Turn   | Place    | Note
-------+----------+-------------------------------------------
     0 | D:1      | Mgcat the Deep Elf Earth Elementalist began the quest for
                  | the Orb.
     0 | D:1      | Reached XP level 1. HP: 10/10 MP: 6/6
   246 | D:1      | Reached XP level 2. HP: 6/15 MP: 6/8
  1218 | D:2      | Reached skill level 4 in Spellcasting
  1218 | D:2      | Reached skill level 4 in Earth Magic
  1218 | D:2      | Reached XP level 3. HP: 19/19 MP: 7/10
  1223 | D:2      | Learned a level 3 spell: Stone Arrow
  1980 | D:3      | Found an iron altar of Okawaru.
  1980 | D:3      | Found a shadowy altar of Dithmenos.
  2121 | D:3      | Reached skill level 1 in Conjurations
  2121 | D:3      | Reached XP level 4. HP: 24/24 MP: 8/12
  2157 | D:3      | Reached skill level 1 in Fighting
  2181 | D:3      | Found a glowing drain.
  2186 | Sewer    | Entered a sewer
  2533 | Sewer    | Learned a level 4 spell: Petrify
  3574 | D:3      | Reached XP level 5. HP: 29/29 MP: 10/14
  3581 | D:3      | Learned a level 5 spell: Lee's Rapid Deconstruction
  4479 | D:4      | Reached skill level 2 in Conjurations
  4672 | D:4      | Reached skill level 5 in Spellcasting
  4672 | D:4      | Reached skill level 2 in Transmutations
  4684 | D:4      | Reached XP level 6. HP: 34/35 MP: 3/15
  4793 | D:3      | Reached skill level 2 in Fighting
  4793 | D:3      | Reached skill level 5 in Earth Magic
  5271 | D:4      | Reached skill level 3 in Conjurations
  5281 | D:4      | Reached skill level 3 in Transmutations
  5281 | D:4      | Reached XP level 7. HP: 40/40 MP: 1/17
  5852 | D:4      | Reached skill level 6 in Spellcasting
  6650 | D:4      | Reached skill level 3 in Fighting
  6708 | D:4      | Found a white marble altar of Elyvilon.
  6732 | D:4      | Reached skill level 4 in Conjurations
  6927 | D:4      | Reached skill level 4 in Transmutations
  6927 | D:4      | Reached XP level 8. HP: 46/46 MP: 7/20
  7194 | D:5      | Entered Level 5 of the Dungeon
  7303 | D:5      | Reached skill level 6 in Earth Magic
  7420 | D:5      | Reached skill level 7 in Spellcasting
  8250 | D:5      | Noticed Grinder
  8659 | D:6      | Reached skill level 5 in Conjurations
  8659 | D:6      | Reached skill level 5 in Transmutations
  8869 | D:6      | Identified the +10 whip "Axzem" {slash, rF+ Dex+2}
  9101 | D:6      | Reached skill level 4 in Fighting
  9124 | D:6      | Reached XP level 9. HP: 52/52 MP: 16/22
  9145 | D:6      | Reached skill level 3 in Dodging
  9147 | D:6      | Reached skill level 8 in Spellcasting
  9387 | D:6      | Reached skill level 7 in Earth Magic
 10161 | D:7      | Found a staircase to the Ecumenical Temple.
 10170 | Temple   | Entered the Ecumenical Temple
 10191 | Temple   | Became a worshipper of Vehumet
 10560 | D:7      | Reached skill level 4 in Dodging
 10691 | D:7      | Reached skill level 6 in Conjurations
 10691 | D:7      | Reached skill level 6 in Transmutations
 10812 | D:7      | Found a basalt altar of Yredelemnul.
 11566 | D:8      | Reached * piety under Vehumet
 11566 | D:8      | Offered knowledge of Sting by Vehumet.
 11566 | D:8      | HP: 13/53 [poisoned by a killer bee]
 11571 | D:8      | Reached skill level 9 in Spellcasting
 12113 | D:8      | Found a stormy altar of Qazlal.
 12181 | D:8      | Reached skill level 5 in Dodging
 12181 | D:8      | Reached XP level 10. HP: 42/58 MP: 19/25
 12379 | D:8      | Reached skill level 5 in Fighting
 12734 | D:9      | Noticed a two-headed ogre
 12745 | D:9      | Killed a two-headed ogre
 12745 | D:9      | Reached skill level 8 in Earth Magic
 12937 | D:9      | Found Isod's Antique Weapon Shop.
 13104 | D:9      | Reached skill level 1 in Shields
 13263 | D:9      | Reached ** piety under Vehumet
 13264 | D:9      | Reached skill level 7 in Transmutations
 13270 | D:9      | Offered knowledge of Throw Flame by Vehumet.
 13279 | D:9      | Reached skill level 7 in Conjurations
 13280 | D:9      | Paralysed by a hornet for 2 turns
 13294 | D:8      | Learned a level 2 spell: Throw Flame
 13468 | D:9      | Found a blossoming altar of Fedhas.
 13472 | D:9      | Found a glowing golden altar of the Shining One.
 13757 | D:9      | Reached skill level 6 in Dodging
 13988 | D:9      | Reached skill level 1 in Fire Magic
 14307 | D:10     | Entered Level 10 of the Dungeon
 14387 | D:10     | Learned a level 5 spell: Fireball
 14391 | D:10     | Found a transporter.
 14501 | D:10     | Offered knowledge of Mephitic Cloud by Vehumet.
 14632 | D:10     | Found a transporter.
 14783 | D:10     | Noticed Amnesiac's ghost (journeyman DsEE)
 14822 | D:10     | Reached skill level 2 in Shields
 14822 | D:10     | Reached skill level 2 in Fire Magic
 14828 | D:10     | Reached skill level 10 in Spellcasting
 14858 | D:10     | Reached *** piety under Vehumet
 15070 | D:10     | Reached XP level 11. HP: 64/64 MP: 20/27
 15290 | D:10     | Noticed a two-headed ogre
 15298 | D:10     | Killed a two-headed ogre
 15770 | D:10     | Offered knowledge of Ignite Poison by Vehumet.
 15770 | D:10     | Reached skill level 3 in Fire Magic
 15912 | D:10     | Found a staircase to the Lair.
 15922 | D:10     | Reached skill level 6 in Fighting
 16259 | D:10     | Reached skill level 7 in Dodging
 16541 | D:11     | Found Qinnomom's General Store.
 16580 | D:11     | Bought a cursed ring of attention for 58 gold pieces
 16895 | D:5      | Killed Grinder
 16895 | D:5      | Reached skill level 8 in Transmutations
 16895 | D:5      | Reached skill level 9 in Earth Magic
 17176 | D:11     | Noticed a two-headed ogre
 17396 | Lair:1   | Entered Level 1 of the Lair of Beasts
 17483 | Lair:1   | Reached skill level 3 in Shields
 17485 | Lair:1   | Reached skill level 8 in Conjurations
 17510 | Lair:1   | Reached **** piety under Vehumet
 17702 | Lair:1   | Found a transporter.
 17707 | Lair:1   | Found a transporter.
 17707 | Lair:1   | Noticed Tovarisch's ghost (journeyman DDEE)
 17710 | Lair:1   | Noticed a six-headed hydra
 17823 | Lair:1   | Reached skill level 4 in Fire Magic
 18272 | Lair:2   | Offered knowledge of Olgreb's Toxic Radiance by Vehumet.
 18619 | Lair:2   | Reached skill level 8 in Dodging
 18721 | Lair:2   | Found a labyrinth entrance.
 18749 | Lab      | Entered a labyrinth
 18794 | Lab      | Noticed a minotaur
 18803 | Lab      | Killed a minotaur
 18803 | Lab      | Reached skill level 4 in Shields
 18803 | Lab      | Reached skill level 5 in Fire Magic
 18803 | Lab      | Reached XP level 12. HP: 40/71 MP: 15/28
 18826 | Lab      | Learned a level 6 spell: Iron Shot
 18834 | Lab      | Learned a level 7 spell: Spellforged Servitor
 19072 | Lair:2   | Noticed a catoblepas
 19080 | Lair:2   | Killed a catoblepas
 19722 | Lair:3   | Found a staircase to the Swamp.
 19739 | Lair:3   | Reached skill level 1 in Armour
 19953 | Lair:3   | Reached skill level 9 in Conjurations
 20119 | Lair:3   | Found a hole to the Spider Nest.
 21103 | Lair:4   | Reached skill level 7 in Fighting
 21329 | Lair:4   | Found a dark tunnel.
 21340 | Volcano  | Entered a volcano
 21360 | Volcano  | Reached skill level 10 in Earth Magic
 21597 | Volcano  | Noticed a fire dragon
 21818 | Lair:4   | Reached skill level 2 in Armour
 22697 | Lair:5   | Reached skill level 9 in Dodging
 22697 | Lair:5   | Reached skill level 6 in Fire Magic
 22697 | Lair:5   | Reached skill level 1 in Evocations
 22860 | Lair:5   | Noticed Snorg
 23127 | Lair:5   | Killed Snorg
 23313 | Lair:5   | Found a viscous altar of Jiyva.
 23314 | Lair:5   | Found a staircase to the Slime Pits.
 23734 | Lair:6   | Entered Level 6 of the Lair of Beasts
 23749 | Lair:6   | Noticed a seven-headed hydra
 23756 | Lair:5   | Reached skill level 2 in Evocations
 23976 | Lair:6   | Reached ***** piety under Vehumet
 24119 | Lair:6   | Offered knowledge of Throw Icicle by Vehumet.
 24419 | Lair:6   | Reached skill level 3 in Armour
 24419 | Lair:6   | Reached XP level 13. HP: 76/76 MP: 20/29
 24472 | Lair:6   | Reached skill level 11 in Spellcasting
 25024 | Lair:6   | Reached skill level 3 in Evocations
 25277 | Lair:5   | HP: 13/77 [death yak (26)]
 25941 | Lair:6   | Reached skill level 10 in Conjurations
 26112 | Lair:6   | Reached skill level 7 in Fire Magic
 26483 | Lair:6   | Reached skill level 4 in Armour
 26483 | Lair:6   | Reached skill level 10 in Dodging
 26483 | Lair:6   | Reached skill level 4 in Evocations
 26738 | Lair:6   | Reached skill level 11 in Earth Magic
 26785 | Lair:6   | Got a scorched marble ring
 26787 | Lair:6   | Identified the ring "Umitroid" {rPois rF+ rC- rN+ MR+} (You
                  | found it on level 6 of the Lair of Beasts)
 27351 | D:11     | Reached skill level 1 in Summonings
 27877 | D:11     | Reached skill level 8 in Fighting
 27969 | D:11     | Found a stormy altar of Qazlal.
 28496 | D:12     | Found a transporter.
 28714 | D:12     | Reached skill level 2 in Summonings
 29368 | D:12     | Reached XP level 14. HP: 47/84 MP: 16/31
 29540 | D:12     | Reached skill level 12 in Spellcasting
 29660 | D:12     | Found a roughly hewn altar of Beogh.
 29660 | D:12     | Found a transporter.
 29715 | D:12     | Found a staircase to the Orcish Mines.
 29911 | Orc:1    | Entered Level 1 of the Orcish Mines
 30297 | Orc:2    | Entered Level 2 of the Orcish Mines
 30308 | Orc:2    | Offered knowledge of Yara's Violent Unravelling by Vehumet.
 30308 | Orc:2    | Reached skill level 5 in Evocations
 30535 | Orc:1    | HP: 13/84 [troll[an orc knight] (10)]
 30921 | Orc:2    | Reached skill level 3 in Summonings
 31063 | Orc:2    | Reached skill level 8 in Fire Magic
 31611 | Orc:2    | Reached skill level 11 in Conjurations
 31752 | Orc:2    | Reached skill level 4 in Summonings
 31772 | Orc:2    | Reached skill level 11 in Dodging
 32107 | Orc:2    | Found Vilypry's Jewellery Emporium.
 32107 | Orc:2    | Found Vomile's Assorted Antiques.
 32107 | Orc:2    | Found Fomos's General Store.
 32107 | Orc:2    | Found Keyffuet's Antique Armour Emporium.
 32179 | Orc:2    | Bought a cursed ring of teleportation for 58 gold pieces
 32182 | Orc:2    | Bought a scroll of identify for 60 gold pieces
 32182 | Orc:2    | Bought a scroll of identify for 60 gold pieces
 32182 | Orc:2    | Bought a scroll of identify for 60 gold pieces
 32264 | Orc:2    | Found a staircase to the Elven Halls.
 32334 | Orc:2    | Bought a +6 amulet of reflection for 760 gold pieces
 32550 | Orc:1    | Found a roughly hewn altar of Beogh.
 32648 | Orc:1    | Offered knowledge of Conjure Ball Lightning by Vehumet.
 33359 | D:13     | Reached skill level 5 in Summonings
 33472 | D:13     | Noticed an ironheart preserver
 33498 | D:13     | Killed an ironheart preserver
 33498 | D:13     | Reached skill level 9 in Fire Magic
 33661 | D:13     | Found a gate to the Vaults.
 33806 | D:13     | Reached skill level 12 in Earth Magic
 34244 | D:13     | Reached skill level 13 in Spellcasting
 34244 | D:13     | Reached XP level 15. HP: 89/89 MP: 20/34
 34576 | D:14     | Reached skill level 9 in Fighting
 34587 | D:14     | Offered knowledge of Ozocubu's Refrigeration by Vehumet.
 35881 | D:14     | Reached skill level 6 in Summonings
 36206 | Orc:2    | Identified a scroll of acquirement
 36207 | Orc:2    | Got a dazzling hat
 36218 | Orc:2    | Identified the -6 hat of the Shining Light {rF+ Slay+3}
                  | (You acquired it on level 2 of the Orcish Mines)
 36316 | D:15     | Entered Level 15 of the Dungeon
 36328 | D:15     | Noticed Agnes
 36337 | D:14     | HP: 12/90 [Agnes/+0 lajatang (34)]
 36678 | D:14     | Killed Agnes
 36800 | D:15     | Found a shadowy altar of Dithmenos.
 37017 | D:15     | Reached skill level 12 in Dodging
 37159 | D:15     | Found a staircase to the Depths.
 37232 | D:15     | Noticed Rupert
 37244 | D:15     | Paralysed by Rupert for 4 turns
 37249 | D:15     | Killed Rupert
 37249 | D:15     | Reached skill level 12 in Conjurations
 37912 | Swamp:1  | Entered Level 1 of the Swamp
 37960 | Swamp:1  | Reached skill level 10 in Fire Magic
 38007 | Swamp:1  | Offered knowledge of Bolt of Cold by Vehumet.
 39383 | Swamp:1  | Reached skill level 7 in Summonings
 40276 | Swamp:2  | Noticed Kirke
 40287 | Swamp:2  | Killed Kirke
 40287 | Swamp:2  | Reached skill level 14 in Spellcasting
 40287 | Swamp:2  | Reached XP level 16. HP: 47/96 MP: 12/36
 41300 | Swamp:2  | HP: 24/97 [poisoned by a hornet]
 41305 | Swamp:2  | HP: 23/97 [poisoned by a hornet]
 41312 | Swamp:2  | HP: 23/97 [poisoned by a hornet]
 41320 | Swamp:2  | HP: 23/97 [poisoned by a hornet]
 41898 | Swamp:3  | Reached skill level 13 in Earth Magic
 42859 | Spider:1 | Entered Level 1 of the Spider Nest
 43083 | Spider:1 | Reached skill level 10 in Fighting
 44175 | Spider:2 | Reached skill level 8 in Summonings
 44175 | Spider:2 | HP: 24/97 [poisoned by a ghost moth]
 44181 | Spider:2 | HP: 21/97 [poisoned by a ghost moth]
 44187 | Spider:2 | HP: 18/97 [poisoned by a ghost moth]
 44192 | Spider:2 | HP: 18/97 [poisoned by a ghost moth]
 44199 | Spider:2 | HP: 17/97 [poisoned by a ghost moth]
 44207 | Spider:1 | HP: 18/97 [poisoned by a ghost moth]
 44587 | Spider:2 | Reached skill level 13 in Dodging
 45100 | Spider:2 | Reached skill level 11 in Fire Magic
 45919 | Spider:2 | Reached skill level 13 in Conjurations
 46139 | Spider:2 | Reached ****** piety under Vehumet
 46544 | Spider:3 | Offered knowledge of Bolt of Fire by Vehumet.
 47229 | Spider:4 | Entered Level 4 of the Spider Nest
 47596 | Spider:4 | HP: 24/98 [ghost moth (2)]
 47598 | Spider:4 | Reached XP level 17. HP: 56/103 MP: 5/37
 47901 | Spider:4 | Reached skill level 15 in Spellcasting
 48012 | Spider:4 | Reached skill level 9 in Summonings
 48702 | Spider:4 | HP: 24/103 [ghost moth (9)]
 48709 | Spider:4 | HP: 17/103 [jumping spider (13)]
 48998 | Spider:4 | Offered knowledge of Freezing Cloud by Vehumet.
 49063 | Spider:4 | HP: 19/103 [emperor scorpion (10)]
 49847 | Spider:4 | Got a gossamer rune of Zot
 50262 | Swamp:4  | Entered Level 4 of the Swamp
 51266 | Swamp:4  | Noticed the 27-headed Lernaean hydra
 51270 | Swamp:4  | Killed the 27-headed Lernaean hydra
 51270 | Swamp:4  | Reached skill level 14 in Earth Magic
 51565 | Swamp:4  | Reached skill level 14 in Dodging
 51627 | Swamp:4  | Got a decaying rune of Zot
 51963 | Vaults:1 | Entered Level 1 of the Vaults
 51966 | Vaults:1 | Reached skill level 12 in Fire Magic
 52268 | Vaults:1 | Reached skill level 11 in Fighting
 52385 | Vaults:1 | Reached skill level 10 in Summonings
 52598 | Vaults:1 | Found Qiysyu's Weapon Shop.
 52701 | Vaults:1 | Reached XP level 18. HP: 103/110 MP: 12/39
 52905 | Vaults:1 | Reached skill level 14 in Conjurations
 53178 | Vaults:1 | Reached skill level 16 in Spellcasting
 53306 | Vaults:1 | Noticed Saint Roka
 53652 | Vaults:1 | Offered knowledge of Fire Storm by Vehumet.
 53652 | Vaults:1 | Offered knowledge of Shatter by Vehumet.
 53652 | Vaults:1 | Offered knowledge of Tornado by Vehumet.
 53666 | Vaults:1 | Killed Saint Roka
 53908 | Vaults:1 | Noticed a lich
 53914 | Vaults:1 | Noticed a Brimstone Fiend
 53914 | Vaults:1 | Killed a lich
 55000 | Vaults:2 | Found a ruined gateway.
 55497 | Vaults:2 | Reached skill level 13 in Fire Magic
 55510 | Vaults:2 | Reached skill level 15 in Dodging
 56035 | Vaults:2 | Found Guyjinn's Weapon Shoppe.
 56058 | Vaults:2 | Reached skill level 15 in Earth Magic
 56169 | Vaults:2 | Found Burebb's Magic Scroll Shoppe.
 56171 | Vaults:2 | Found Unedghiack's Magic Scroll Shoppe.
 56194 | Vaults:2 | Bought a scroll of enchant armour for 127 gold pieces
 56263 | Vaults:2 | Learned a level 5 spell: Aura of Abjuration
 56527 | Vaults:2 | You fall through a shaft for 2 floors!
 56691 | Vaults:3 | Reached XP level 19. HP: 116/116 MP: 18/41
 56723 | Vaults:3 | Found a runed gate.
 56723 | Vaults:3 | Found a runed gate.
 56932 | Vaults:3 | Found a staircase to the Crypt.
 57565 | Vaults:3 | Reached skill level 17 in Spellcasting
 57565 | Vaults:3 | Reached skill level 15 in Conjurations
 57675 | Vaults:3 | Reached skill level 12 in Fighting
 57955 | Vaults:3 | Found Huhuth's Armour Shoppe.
 57975 | Vaults:3 | Found a runed gate.
 57980 | Vaults:3 | Noticed Skuilla's ghost (adept MiBe)
 59141 | Vaults:4 | HP: 27/116 [deep elf archer/arrow[an ironheart preserver]
                  | (3)]
 59874 | Vaults:4 | Reached skill level 14 in Fire Magic
 60012 | Vaults:4 | Reached skill level 16 in Dodging
 60618 | Vaults:4 | Reached XP level 20. HP: 123/123 MP: 25/43
 61062 | Vaults:4 | Found Ubiosysmiza's Antique Armour Shoppe.
 61237 | Vaults:4 | Reached skill level 16 in Earth Magic
 61666 | Depths:1 | Entered Level 1 of the Depths
 62402 | D:15     | Reached skill level 18 in Spellcasting
 62629 | Depths:1 | Got a scorched whip
 62985 | Depths:1 | Found a gateway to Hell.
 63188 | Depths:1 | Found a large runed door.
 63190 | Depths:1 | Found a large runed door.
 63316 | Depths:1 | Found a gateway to a ziggurat.
 63589 | Depths:1 | Found Bifiyghugu's General Store.
 64039 | Depths:2 | Reached skill level 16 in Conjurations
 64828 | Depths:2 | Reached skill level 13 in Fighting
 65228 | Depths:2 | Reached skill level 15 in Fire Magic
 65315 | Depths:2 | Found a one-way gate to the infinite horrors of the Abyss.
 65372 | Depths:2 | Reached skill level 17 in Dodging
 65585 | Depths:2 | Reached XP level 21. HP: 129/129 MP: 38/45
 65870 | Depths:2 | Reached skill level 17 in Earth Magic
 67449 | Depths:3 | Reached skill level 14 in Fighting
 68140 | Depths:3 | Got a scorched lapis lazuli ring
 68341 | Depths:3 | Reached skill level 18 in Earth Magic
 68706 | Depths:3 | Found a one-way gate leading to the halls of Pandemonium.
 69268 | Depths:4 | Noticed Frederick
 69403 | Depths:4 | Killed Frederick
 71046 | Depths:4 | Identified the Collected Works on Evil Ice
 71047 | Depths:4 | Got a smoking pewter ring
 71048 | Depths:4 | Identified the cursed ring of Hepliaklqana's Pride {+Blink
                  | MR- Int-2 Dex+4} (You found it on level 3 of the Depths)
 71049 | Depths:4 | Identified the cursed ring "Aruh" {rElec rC+ Dex-5 Slay+2}
                  | (You found it on level 4 of the Depths)
 71106 | Depths:4 | Reached XP level 22. HP: 120/139 MP: 39/46
 71656 | Depths:5 | Entered Level 5 of the Depths
 71668 | Depths:5 | Found Myoth's Distillery.
 71670 | Depths:5 | Reached skill level 15 in Fighting
 71676 | Depths:5 | Reached skill level 19 in Earth Magic
 72139 | Depths:4 | Reached skill level 6 in Evocations
 72626 | Depths:5 | HP: 32/140 [spriggan rider/cursed -2 spear (15)]
 72628 | Depths:4 | HP: 13/140 [cyan very ugly thing (18)]
 72629 | Depths:4 | Mangled by a stone giant

Vault maps used:
D:1:      eino_arrival_druids_welcome, wad_floor_pattern_untrapped
D:3:      gammafunk_temple_overflow_elements, portal_sewer_entry_e
D:4:      lemuel_castle_with_subvaults, first_ration, elyvilon_altar_4
D:5:      kennysheep_doodads, uniq_grinder
D:7:      kennysheep_mini, lemuel_temple_firewalk_a
D:8:      kennysheep_little_box
D:9:      minitemple, serial_shops, nicolae_shop_waterfront
D:10:     minmay_lair_entry_grove, gammafunk_ghost_stat_death, grunt_tengu_nest,
          grunt_tough_drop
D:11:     serial_shops, nicolae_shop_window_shopping, basic_altar,
          nicolae_wwwww, hangedman_tell_no_tales
D:12:     gammafunk_beogh_shrine, orc_0_dummy, serial_bayou_lagoon_b
D:13:     skrybe_vaults_entry_preservation, corexii_hall_statues_i
D:14:     dk_noncrumbling_3
D:15:     grunt_enter_depths_magical_seal, serial_bayou, serial_bayou_lagoon_a,
          serial_bayou_pond_b, serial_bayou_pond_d, serial_bayou_pond_a,
          serial_bayou_pond_a, hangedman_decor_clover_reticule,
          hangedman_decor_diamond_cutter, grunt_dithmenos_smoke_and_mirrors,
          uniq_agnes, uniq_rupert
Temple:   regret_index_temple_sphere_string
Lair:1:   gammafunk_ghost_arena, grunt_megastairs_1, infiniplex_staircase_pool
Lair:2:   lab_entry_generic, lemuel_fruit_tree, grunt_megastairs_5
Lair:3:   swamp_mist_pool, spider_nest_entry_web_field, serial_forest,
          infiniplex_forest_lined_room_2, infiniplex_forest_end_3,
          infiniplex_forest_straight_4, infiniplex_forest_straight_3,
          infiniplex_forest_join, infiniplex_forest_end_2,
          infiniplex_forest_straight_3, infiniplex_forest_corner_1
Lair:4:   nicolae_volcano_entry_lava_flow
Lair:5:   dpeg_slime_entry_enclosed_altar, minivault_25, uniq_snorg
Lair:6:   evilmike_catoblepas_cave, grunt_megastairs_2, serial_bayou_shore_a
Swamp:1:  evilmike_swamp_ruin_house_1, swamp_pool1
Swamp:2:  nicolae_swamp_triple_paths, uniq_kirke
Swamp:3:  serial_swamp_ruin, evilmike_swamp_ruin_rubble_2,
          evilmike_swamp_ruin_rubble_1
Swamp:4:  swamp_old_school
Spider:1: spider_trap
Spider:2: hangedman_spider_mandibles
Spider:4: grunt_spider_rune_parallel
Orc:1:    minmay_orc_temple_b
Orc:2:    st_orc_ogre_mass
Vaults:1: dpeg_vaults_pockets_of_resistance, nicolae_vaults_what_the_h,
          hangedman_vaults_stretched_pinwheel, ontoclasm_vaults_bender,
          hangedman_vaults_stagger, grunt_vaults_focal,
          vaults_room_mumra_shop_pool, nicolae_vaults_little_squares_3,
          ontoclasm_vaults_decontamination, uniq_saint_roka
Vaults:2: v_misc_33, vaults_dpeg_diagonal, v_pattern_3, v_rooms_2,
          ontoclasm_vaults_ligature, v_rooms_4, ontoclasm_vaults_misaligned,
          hangedman_vaults_hard_town_square, dpeg_vaults_monster_box,
          nicolae_vaults_little_ls, nicolae_vaults_little_squares_4,
          nicolae_vaults_rhombus_7, grunt_vaults_hallway_short,
          portal_desolation_entry_salt
Vaults:3: gammafunk_vaults_ghost_split, v_misc_13, hangedman_vaults_stitches,
          minmay_crypt_entry_simple_corners, v_rooms_5,
          nicolae_vaults_little_squares_5, v_misc_17,
          nicolae_vaults_circle_grid_a, v_misc_24, hangedman_vaults_nails,
          nicolae_vaults_three_branches, nicolae_vaults_minivaults, v_misc_15,
          nicolae_vaults_little_squares_2, ontoclasm_vaults_eye,
          vaults_standard_mumra_enter_the_diamond, ontoclasm_vaults_twist,
          serial_shops, shop
Vaults:4: vaults_dpeg_ring, ontoclasm_vaults_hangar,
          nicolae_vaults_holding_cells, v_pattern_5, v_misc_31,
          vaults_room_large_hall, v_misc_13, grunt_vaults_funnel, serial_shops,
          shop
Depths:1: enter_ziggurat_c, hell_entry, chequers_serial_rivers_room_a,
          serial_shops, kennysheep_mini_moat, minmay_stone_trees_small,
          hangedman_eye_storm
Depths:2: minmay_concentric_multi, pf_coc_iceberg,
          abyss_entry_small_statue_room, serial_sigils,
          serial_sigils_hangedman_gnaw, serial_sigils_hangedman_stare,
          serial_sigils_hangedman_snap, serial_sigils_hangedman_quiver,
          glass_columns_a, minmay_staircase_statues
Depths:3: minmay_thinvault, rand_demon_pan_entry_9, hex_medium, hell_entry,
          infiniplex_staircase_zigzag_5, grunt_megastairs_3
Depths:4: minmay_the_grid_3x3, hellmouth_1, serial_co_window_serial,
          co_window_corner_a, co_window_corner_a, co_window_cross_1,
          co_window_of_opportunity_a, co_window_of_opportunity_a,
          co_window_of_opportunity_a, glass_columns_a, glass_columns_a,
          glass_columns_a, glass_columns_b, abyss_entry, uniq_frederick
Depths:5: grunt_crosshair, grunt_pan_entry_sceptre, serial_shops,
          nicolae_shop_crystal, hell_entry, serial_sigils_hangedman_gut,
          minivault_11, uniq_sojobo
Lab:      labyrinth_lava_lair, nicolae_lab_arrow, nicolae_lab_stuck,
          nicolae_lab_grate_2, nicolae_lab_blocks, nicolae_lab_statue,
          nicolae_lab_do_over, nicolae_lab_dead_end,
          labyrinth_baited_teleportation_trap, labyrinth_skeletal_remains
Sewer:    sewer_co_scattered_pipes
Volcano:  volcano_pools

Skill      XL: |  1  2  3  4  5  6  7  8  9 10 11 12 13 14 15 16 17 18 19 20 21 22 |
---------------+-------------------------------------------------------------------+-----
Spellcasting   | 4 5 6 7 9 10 11 13 14 15 16 17 18 | 18.6
Earth Magic    | 4 5 6 7 8 9 10 11 12 13 14 15 16 18 19 | 19.1
Conjurations   | 1 2 3 4 5 6 7 8 9 10 11 12 13 14 15 16 | 16.3
Fighting       | 1 2 3 4 5 6 7 8 9 10 11 12 13 14 15 | 15.1
Transmutations | 2 3 4 5 6 7 8 |  8.0
Dodging        | 5 6 8 9 10 11 12 13 14 15 16 17 | 17.0
Shields        | 2 4 |  4.1
Fire Magic     | 2 5 6 7 9 10 11 12 13 14 15 | 15.0
Armour         | 3 4 |  4.0
Evocations     | 2 4 5 6 |  6.2
Summonings     | 2 5 7 8 10 | 10.0
Stealth        | |  2.4

Action                   |  1- 3 |  4- 6 |  7- 9 | 10-12 | 13-15 | 16-18 | 19-21 | 22-24 || total
-------------------------+-------+-------+-------+-------+-------+-------+-------+-------++-------
Melee: Dagger            |    84 |    62 |       |       |       |       |       |       ||   146
       Whip              |       |       |    14 |    41 |    30 |    21 |       |     3 ||   109
       Flail             |       |       |     3 |       |       |       |       |       ||     3
       Staff             |       |       |       |     3 |     5 |    26 |    12 |       ||    46
 Cast: Sandblast         |    33 |    45 |    47 |    20 |   119 |   185 |    87 |     6 ||   542
       Stone Arrow       |       |    62 |   217 |   307 |   176 |    22 |       |       ||   784
       Petrify           |       |       |     9 |    33 |    13 |     2 |       |       ||    57
       Lee's Rapid Decon |       |       |       |    49 |    52 |    51 |    94 |     3 ||   249
       Fireball          |       |       |       |    20 |   235 |   396 |   266 |    20 ||   937
       Iron Shot         |       |       |       |    18 |   122 |    86 |   194 |    23 ||   443
       Spellforged Servi |       |       |       |       |     1 |    26 |    32 |     2 ||    61
       Aura of Abjuratio |       |       |       |       |       |       |     4 |       ||     4
Evoke: Wand              |       |       |       |       |     4 |     1 |       |       ||     5
       Phantom mirror    |       |       |       |       |       |     1 |       |       ||     1
       Fan of gales      |       |       |       |       |       |       |       |     1 ||     1
       Sack of spiders   |       |       |       |       |       |       |       |     1 ||     1
  Use: Scroll            |     1 |       |     9 |    15 |    19 |     5 |     4 |       ||    53
       Potion            |       |       |     1 |     2 |     3 |     5 |     1 |     1 ||    13
 Stab: Sleeping          |     4 |       |       |       |       |       |       |       ||     4
       Petrified         |       |       |    15 |    22 |       |     3 |       |       ||    40
       Distracted        |       |       |       |       |       |       |     1 |       ||     1
  Eat: Chunk             |     3 |    14 |    22 |    33 |    51 |    38 |    41 |     2 ||   204
       Ration            |       |       |       |     6 |    12 |     9 |     3 |     1 ||    31
Armor: Robe              |    18 |    12 |     2 |     8 |     3 |    37 |    28 |     4 ||   112
       Leather armour    |       |       |       |    10 |    29 |       |       |       ||    39
Dodge: Dodged            |    61 |    73 |    34 |   104 |   157 |   207 |   140 |    34 ||   810
Block: Buckler           |       |       |       |    46 |    91 |   210 |   127 |    26 ||   500
       Reflection        |       |       |       |       |     9 |    27 |    39 |     4 ||    79

Table legend:
 A = Non-vault XP
 B = Vault XP
 C = Vault XP percentage of total XP
 D = Non-vault monster count
 E = Vault monster count
 F = Vault count percentage of total count
                 A         B        C        D         E       F
            +---------+---------+-------+---------+---------+-------
      Total |  436912 |  301292 |  40.8 |    1231 |     565 |  31.5
            +---------+---------+-------+---------+---------+-------
        D:1 |      31 |       0 |   0.0 |      20 |       0 |   0.0
        D:2 |      50 |       0 |   0.0 |       8 |       0 |   0.0
        D:3 |     191 |      22 |  10.3 |      21 |       8 |  27.6
        D:4 |     450 |     633 |  58.4 |      28 |      48 |  63.2
        D:5 |     895 |     281 |  23.9 |      26 |       1 |   3.7
        D:6 |    1452 |      14 |   1.0 |      34 |       1 |   2.9
        D:7 |     845 |       0 |   0.0 |      21 |       0 |   0.0
        D:8 |    1415 |       0 |   0.0 |      25 |       0 |   0.0
        D:9 |    2846 |       0 |   0.0 |      39 |       0 |   0.0
       D:10 |    1805 |    3733 |  67.4 |      23 |      18 |  43.9
       D:11 |    4469 |    1022 |  18.6 |      21 |       8 |  27.6
       D:12 |    5441 |       0 |   0.0 |      24 |       0 |   0.0
       D:13 |   10985 |    2367 |  17.7 |      50 |       9 |  15.3
       D:14 |   13939 |    2206 |  13.7 |      44 |       1 |   2.2
       D:15 |   15481 |   10348 |  40.1 |      30 |      15 |  33.3
     Lair:1 |    2685 |     514 |  16.1 |      18 |       2 |  10.0
     Lair:2 |    4211 |     493 |  10.5 |      16 |       1 |   5.9
     Lair:3 |    2594 |       0 |   0.0 |      13 |       0 |   0.0
     Lair:4 |    2858 |       0 |   0.0 |       9 |       0 |   0.0
     Lair:5 |    2446 |    2042 |  45.5 |      12 |       2 |  14.3
     Lair:6 |    6420 |   12574 |  66.2 |      24 |      26 |  52.0
    Swamp:1 |   13615 |       0 |   0.0 |      35 |       0 |   0.0
    Swamp:2 |    8793 |    2273 |  20.5 |      30 |       3 |   9.1
    Swamp:3 |   12116 |       0 |   0.0 |      37 |       0 |   0.0
    Swamp:4 |    4177 |   15703 |  79.0 |      17 |      25 |  59.5
   Spider:1 |    8249 |       0 |   0.0 |      29 |       0 |   0.0
   Spider:2 |   19883 |       0 |   0.0 |      41 |       0 |   0.0
   Spider:3 |    9473 |       0 |   0.0 |      33 |       0 |   0.0
   Spider:4 |   12931 |   24685 |  65.6 |      28 |      55 |  66.3
      Orc:1 |    3515 |     296 |   7.8 |      40 |      16 |  28.6
      Orc:2 |    2854 |   19525 |  87.2 |      39 |      44 |  53.0
   Vaults:1 |   27352 |   32642 |  54.4 |      63 |      44 |  41.1
   Vaults:2 |   18282 |   26570 |  59.2 |      39 |      48 |  55.2
   Vaults:3 |   30921 |   37474 |  54.8 |      53 |      58 |  52.3
   Vaults:4 |   29578 |   21725 |  42.3 |      49 |      23 |  31.9
   Depths:1 |   19895 |       0 |   0.0 |      27 |       0 |   0.0
   Depths:2 |   51350 |   24573 |  32.4 |      68 |      23 |  25.3
   Depths:3 |   39881 |   18999 |  32.3 |      47 |      26 |  35.6
   Depths:4 |   23967 |   36634 |  60.5 |      31 |      30 |  49.2
   Depths:5 |   17371 |    1688 |   8.9 |      18 |       1 |   5.3
        Lab |    1200 |       0 |   0.0 |       1 |       0 |   0.0
      Sewer |       0 |      80 | 100.0 |       0 |      20 | 100.0
    Volcano |       0 |    2176 | 100.0 |       0 |       9 | 100.0
            +---------+---------+-------+---------+---------+-------

Vault maps used:
D:1:      eino_arrival_druids_welcome, wad_floor_pattern_untrapped
D:3:      gammafunk_temple_overflow_elements, portal_sewer_entry_e
D:4:      lemuel_castle_with_subvaults, first_ration, elyvilon_altar_4
D:5:      kennysheep_doodads, uniq_grinder
D:7:      kennysheep_mini, lemuel_temple_firewalk_a
D:8:      kennysheep_little_box
D:9:      minitemple, serial_shops, nicolae_shop_waterfront
D:10:     minmay_lair_entry_grove, gammafunk_ghost_stat_death, grunt_tengu_nest,
          grunt_tough_drop
D:11:     serial_shops, nicolae_shop_window_shopping, basic_altar,
          nicolae_wwwww, hangedman_tell_no_tales
D:12:     gammafunk_beogh_shrine, orc_0_dummy, serial_bayou_lagoon_b
D:13:     skrybe_vaults_entry_preservation, corexii_hall_statues_i
D:14:     dk_noncrumbling_3
D:15:     grunt_enter_depths_magical_seal, serial_bayou, serial_bayou_lagoon_a,
          serial_bayou_pond_b, serial_bayou_pond_d, serial_bayou_pond_a,
          serial_bayou_pond_a, hangedman_decor_clover_reticule,
          hangedman_decor_diamond_cutter, grunt_dithmenos_smoke_and_mirrors,
          uniq_agnes, uniq_rupert
Temple:   regret_index_temple_sphere_string
Lair:1:   gammafunk_ghost_arena, grunt_megastairs_1, infiniplex_staircase_pool
Lair:2:   lab_entry_generic, lemuel_fruit_tree, grunt_megastairs_5
Lair:3:   swamp_mist_pool, spider_nest_entry_web_field, serial_forest,
          infiniplex_forest_lined_room_2, infiniplex_forest_end_3,
          infiniplex_forest_straight_4, infiniplex_forest_straight_3,
          infiniplex_forest_join, infiniplex_forest_end_2,
          infiniplex_forest_straight_3, infiniplex_forest_corner_1
Lair:4:   nicolae_volcano_entry_lava_flow
Lair:5:   dpeg_slime_entry_enclosed_altar, minivault_25, uniq_snorg
Lair:6:   evilmike_catoblepas_cave, grunt_megastairs_2, serial_bayou_shore_a
Swamp:1:  evilmike_swamp_ruin_house_1, swamp_pool1
Swamp:2:  nicolae_swamp_triple_paths, uniq_kirke
Swamp:3:  serial_swamp_ruin, evilmike_swamp_ruin_rubble_2,
          evilmike_swamp_ruin_rubble_1
Swamp:4:  swamp_old_school
Spider:1: spider_trap
Spider:2: hangedman_spider_mandibles
Spider:4: grunt_spider_rune_parallel
Orc:1:    minmay_orc_temple_b
Orc:2:    st_orc_ogre_mass
Vaults:1: dpeg_vaults_pockets_of_resistance, nicolae_vaults_what_the_h,
          hangedman_vaults_stretched_pinwheel, ontoclasm_vaults_bender,
          hangedman_vaults_stagger, grunt_vaults_focal,
          vaults_room_mumra_shop_pool, nicolae_vaults_little_squares_3,
          ontoclasm_vaults_decontamination, uniq_saint_roka
Vaults:2: v_misc_33, vaults_dpeg_diagonal, v_pattern_3, v_rooms_2,
          ontoclasm_vaults_ligature, v_rooms_4, ontoclasm_vaults_misaligned,
          hangedman_vaults_hard_town_square, dpeg_vaults_monster_box,
          nicolae_vaults_little_ls, nicolae_vaults_little_squares_4,
          nicolae_vaults_rhombus_7, grunt_vaults_hallway_short,
          portal_desolation_entry_salt
Vaults:3: gammafunk_vaults_ghost_split, v_misc_13, hangedman_vaults_stitches,
          minmay_crypt_entry_simple_corners, v_rooms_5,
          nicolae_vaults_little_squares_5, v_misc_17,
          nicolae_vaults_circle_grid_a, v_misc_24, hangedman_vaults_nails,
          nicolae_vaults_three_branches, nicolae_vaults_minivaults, v_misc_15,
          nicolae_vaults_little_squares_2, ontoclasm_vaults_eye,
          vaults_standard_mumra_enter_the_diamond, ontoclasm_vaults_twist,
          serial_shops, shop
Vaults:4: vaults_dpeg_ring, ontoclasm_vaults_hangar,
          nicolae_vaults_holding_cells, v_pattern_5, v_misc_31,
          vaults_room_large_hall, v_misc_13, grunt_vaults_funnel, serial_shops,
          shop
Depths:1: enter_ziggurat_c, hell_entry, chequers_serial_rivers_room_a,
          serial_shops, kennysheep_mini_moat, minmay_stone_trees_small,
          hangedman_eye_storm
Depths:2: minmay_concentric_multi, pf_coc_iceberg,
          abyss_entry_small_statue_room, serial_sigils,
          serial_sigils_hangedman_gnaw, serial_sigils_hangedman_stare,
          serial_sigils_hangedman_snap, serial_sigils_hangedman_quiver,
          glass_columns_a, minmay_staircase_statues
Depths:3: minmay_thinvault, rand_demon_pan_entry_9, hex_medium, hell_entry,
          infiniplex_staircase_zigzag_5, grunt_megastairs_3
Depths:4: minmay_the_grid_3x3, hellmouth_1, serial_co_window_serial,
          co_window_corner_a, co_window_corner_a, co_window_cross_1,
          co_window_of_opportunity_a, co_window_of_opportunity_a,
          co_window_of_opportunity_a, glass_columns_a, glass_columns_a,
          glass_columns_a, glass_columns_b, abyss_entry, uniq_frederick
Depths:5: grunt_crosshair, grunt_pan_entry_sceptre, serial_shops,
          nicolae_shop_crystal, hell_entry, serial_sigils_hangedman_gut,
          minivault_11, uniq_sojobo
Lab:      labyrinth_lava_lair, nicolae_lab_arrow, nicolae_lab_stuck,
          nicolae_lab_grate_2, nicolae_lab_blocks, nicolae_lab_statue,
          nicolae_lab_do_over, nicolae_lab_dead_end,
          labyrinth_baited_teleportation_trap, labyrinth_skeletal_remains
Sewer:    sewer_co_scattered_pipes
Volcano:  volcano_pools

Table legend:
 A = Turns spent in this place as a percentage of turns spent in the entire game.
 B = Non-inter-level travel turns spent in this place as a percentage of non-inter-level travel turns spent in the entire game.
 C = Inter-level travel turns spent in this place as a percentage of turns spent in this place.
 D = Turns resting spent in this place as a percentage of non-inter-level travel turns spent in this place.
 E = Turns spent auto-exploring this place as a percentage of non-inter-level travel turns spent in this place.
 F = Non-inter-level travel turns spent in this place divided by the number of levels of this place that you've seen.
                   A       B       C       D       E      F
               +-------+-------+-------+-------+-------+----------------------
         Total | 100.0 | 100.0 |   7.1 |  26.8 |  59.6 | 1534.2
       Dungeon |  35.1 |  34.9 |   7.7 |  24.3 |  61.0 | 1571.1
        Temple |   0.0 |   0.0 |  34.3 |   0.0 |  69.6 |  23.0
          Lair |  14.0 |  13.7 |   9.1 |  21.5 |  67.7 | 1537.2
         Swamp |   8.6 |   8.5 |   8.1 |  31.5 |  55.7 | 1441.8
   Spider Nest |   9.2 |   8.8 |  11.1 |  30.0 |  59.0 | 1492.8
  Orcish Mines |   4.0 |   4.1 |   6.4 |  40.6 |  37.4 | 1376.5
        Vaults |  12.6 |  13.1 |   3.5 |  12.5 |  74.0 | 2203.2
        Depths |  14.0 |  14.4 |   4.6 |  43.0 |  45.4 | 1945.0
     Labyrinth |   0.1 |   0.1 |   0.0 |   0.0 |   0.0 |  87.0
         Sewer |   1.8 |   1.9 |   0.0 |  26.3 |  59.4 | 1286.0
       Volcano |   0.4 |   0.4 |   0.0 |  16.3 |  54.0 | 289.0
               +-------+-------+-------+-------+-------+----------------------

Table legend:
 A = Kills in this place as a percentage of kills in entire the game.
 B = Kills by you in this place as a percentage of kills by you in the entire game.
 C = Kills by friends in this place as a percentage of kills by friends in the entire game.
 D = Other kills in this place as a percentage of other kills in the entire game.
 E = Experience gained in this place as a percentage of experience gained in the entire game.
 F = Experience gained in this place divided by the number of levels of this place that you have seen.
                   A       B       C       D       E      F
               +-------+-------+-------+-------+-------+----------------------
         Total | 100.0 | 100.0 | 100.0 | 100.0 | 100.0 | 16777.4
       Dungeon |  29.1 |  31.4 |   0.0 |  11.1 |  11.0 | 5394.7
          Lair |   6.8 |   7.4 |   0.0 |   0.0 |   5.0 | 6139.5
         Swamp |   8.2 |   7.6 |  17.1 |   0.0 |   7.7 | 14169.2
   Spider Nest |  10.4 |  10.7 |   6.8 |   0.0 |  10.2 | 18805.2
  Orcish Mines |   7.7 |   8.4 |   0.0 |   0.0 |   3.5 | 13095.0
        Vaults |  21.0 |  19.5 |  37.6 |  50.0 |  30.4 | 56136.0
        Depths |  15.1 |  13.2 |  38.5 |  38.9 |  31.7 | 46871.6
     Labyrinth |   0.1 |   0.1 |   0.0 |   0.0 |   0.2 | 1200.0
         Sewer |   1.1 |   1.2 |   0.0 |   0.0 |   0.0 |  80.0
       Volcano |   0.5 |   0.5 |   0.0 |   0.0 |   0.3 | 2176.0
               +-------+-------+-------+-------+-------+----------------------
